 Dungeon Crawl Stone Soup version 0.32-a0-7-ge934b4519a (webtiles) character file.

Game seed: 6058904190465063876

22983 foxglove the Thaumaturge (level 12, -7/87 HPs)
             Began as a Demonspawn Hedge Wizard on Jan 11, 2024.
             Was a High Priest of Nemelex Xobeh.
             Mangled by a skeletal warrior
             ... wielding a +0 halberd
              (25 damage)
             ... on level 13 of the Dungeon on Jan 14, 2024.
             The game lasted 03:30:47 (19901 turns).

foxglove the Thaumaturge (Demonspawn Hedge Wizard) Turns: 19901, Time: 03:30:55

Health: -7/87      AC: 15    Str: 13    XL:     12   Next: 67%
Magic:  25/34      EV: 15    Int: 25    God:    Nemelex Xobeh [*****.]
Gold:   790        SH:  0    Dex: 19    Spells: 7/30 levels left

rFire   . . .        T - +8 sling of Corruption {drain, rPois Will+ Str+2 Int+3}
rCold   . . .        (no shield)
rNeg    . . .        D - +2 troll leather armour
rPois   +            w - +2 helmet
rElec   .            (no cloak)
rCorr   .            l - +1 pair of gloves {Dex+3}
SInv    .            (no boots)
Will    ++...        X - amulet of the acrobat
Stlth   +++          x - ring of magical power
HPRegen 1.14/turn    O - +4 ring of protection
MPRegen 0.24/turn

%: acrobat, wizardry (x1)
@: studying Armour
A: demonic guardian 1, ignite blood 1, big brain 3, demonic willpower, weakness
stinger 2
a: Renounce Religion, Draw Escape, Draw Destruction, Draw Summoning, Triple
Draw, Deal Four, Stack Five


You were on level 13 of the Dungeon.
You worshipped Nemelex Xobeh.
Nemelex Xobeh was extremely pleased with you.
You visited 1 branch of the dungeon, and saw 13 of its levels.

You collected 790 gold pieces.

Inventory:

Hand Weapons
 m - a +2 mace of protection
 u - a +4 flail
 F - a +2 war axe of draining
 I - a +3 falchion of freezing
 L - the +8 shortbow "Rinaytedo" {freeze, rElec rCorr Str+2 Dex-5}
   (You found it on level 12 of the Dungeon)

   Str+2:     It affects your strength (+2).
   Dex-5:     It affects your dexterity (-5).
   rElec:     It insulates you from electricity.
   rCorr:     It protects you from acid and corrosion.
 Q - a +2 war axe of electrocution
 T - the +8 sling of Corruption (weapon) {drain, rPois Will+ Str+2 Int+3}
   (You found it on level 8 of the Dungeon)

   Str+2:     It affects your strength (+2).
   Int+3:     It affects your intelligence (+3).
   rPois:     It protects you from poison Will+: It increases your willpower.
 U - a +2 long sword of flaming
 Y - a +3 morningstar
Missiles
 h - 15 poisoned darts
 y - 4 atropa-tipped darts
 J - 8 throwing nets
Armour
 l - a +1 pair of gloves of dexterity (worn)
 w - a +2 helmet (worn)
 D - a +2 troll leather armour (worn)
 G - +1 steam dragon scales
 N - an orb of guile
Jewellery
 g - a ring of positive energy
 q - a ring of wizardry
 t - an amulet of faith
 x - a ring of magical power (left hand)
 H - a +5 ring of evasion
 K - a ring of protection from fire
 O - a +4 ring of protection (right hand)
 X - an amulet of the acrobat (around neck)
Wands
 a - a wand of light (4)
 c - a wand of mindburst (1)
 A - a wand of flame (1)
 M - a wand of digging (1)
 V - a wand of charming (5)
 W - a wand of iceblast (1)
Scrolls
 b - a scroll of fear {unknown}
 f - 5 scrolls of noise
 i - 4 scrolls of revelation
 j - 2 scrolls of brand weapon {unknown}
 p - 2 scrolls of teleportation {unknown}
 r - 4 scrolls of amnesia
 s - 2 scrolls of vulnerability
 E - 3 scrolls of identify
 S - 2 scrolls of fog {unknown}
 Z - a scroll of immolation {unknown}
Potions
 d - a potion of magic
 e - 2 potions of heal wounds
 k - 2 potions of mutation
 n - 3 potions of resistance
 o - a potion of haste {unknown}
 v - 5 potions of curing
 z - 3 potions of enlightenment {unknown}
 B - a potion of berserk rage {unknown}
 C - a potion of attraction {unknown}
 P - a potion of lignification {unknown}
 R - a potion of might {unknown}


   Skills:
 + Level 5.7 Fighting
 + Level 0.2 Short Blades
 + Level 3.9(5.0) Axes
 + Level 4.8(5.5) Maces & Flails
 + Level 8.3 Ranged Weapons
 + Level 4.4 Armour
 + Level 5.7 Dodging
 + Level 5.1 Stealth
 + Level 9.9 Spellcasting
 + Level 5.5 Conjurations
 + Level 5.3 Summonings
 + Level 0.8 Translocations
 + Level 2.8 Fire Magic
 + Level 6.1 Air Magic
 + Level 2.0 Alchemy


You had 7 spell levels left.
You knew the following spells:

 Your Spells              Type           Power      Damage    Failure   Level
a - Magic Dart            Conj           100%       1d8       1%          1
b - Call Imp              Summ           78%        N/A       1%          2
c - Mephitic Cloud        Conj/Alch/Air  35%        N/A       1%          3
d - Flame Wave            Conj/Fire      33%        2d10      4%          4
e - Airstrike             Air            21%        2d(4-20)  1%          4
f - Inner Flame           Hex/Fire       19%        N/A       4%          3
g - Freezing Cloud        Conj/Ice/Air   16%        6-21      13%         5
h - Necrotise             Necr           48%        1d6       2%          1

Your spell library contained the following spells:

 Spells                   Type           Power      Damage    Failure   Level
 Cigotuvi's Dreadful Rot  Necr/Alch/Air  52%        N/A       1%          2
 Slow                     Hex            48%        N/A       2%          1
 Blink                    Tloc           32%        N/A       2%          2
 Ignite Poison            Fire/Alch      24%        N/A       9%          4
 Martyr's Knell           Necr/Summ      25%        N/A       9%          4
 Sticky Flame             Fire/Alch      24%        2d6       9%          4
 Death Channel            Necr           6%         N/A       97%         6


Dungeon Overview and Level Annotations

Branches:
Dungeon (13/15)            Temple (0/1) D:5            Lair (0/5) D:11
    Orc (0/2) D:9
 Vaults: D:13-14

Altars:
Kikubaaqudgha
Nemelex Xobeh
Sif Muna
Trog
Wu Jian
Xom
Yredelemnul

Shops:
D:3 [


Innate Abilities, Weirdness & Mutations

A weak demonic guardian rushes to your aid.
Your demonic aura sometimes causes spilled blood to erupt in flames.
You have an absolutely massive brain. (Int +6, Wiz)
You punish those that try to bend your will. (Will+)
You have a tail ending in a sharp stinger.


Message History

You start resting.
Magic restored.
You start resting.
HP restored.
You start waiting.
Done waiting.
Saving game... please wait.
Welcome back, foxglove the Demonspawn Hedge Wizard.
Nemelex Xobeh says: It's all in the cards!
Press ? for a list of commands and other information.
Okay, then.
You see here a +0 dire flail.
There is a stone staircase leading down, spattered with blood here.
You climb downwards.
There is a stone staircase leading up, spattered with blood here.
Cast which spell? (? or * to list)
Aiming: Airstrike (dangerous; 1% risk of failure)
Press: ? - help, Dir - move target, f - skeletal warrior
Aim: a skeletal warrior, wielding a +0 halberd (empty space bonus: 7/8)
The air twists around and strikes the skeletal warrior!
The skeletal warrior is lightly damaged.
The skeletal warrior hits you from afar with a +0 halberd!!
The skeletal warrior closely misses you.
Casting: Airstrike (dangerous; 1% risk of failure)
Confirm with . or Enter, or press ? or * to list all spells.
Okay, then.
Casting: Airstrike (dangerous; 1% risk of failure)
Confirm with . or Enter, or press ? or * to list all spells.
Aiming: Freezing Cloud (dangerous; 13% risk of failure)
Press: ? - help, Dir - move target, p - skeletal warrior The skeletal warrior is engulfed in freezing vapours.
The skeletal warrior hits you from afar with a +0 halberd!!
The skeletal warrior hits you from afar with a +0 halberd!
The skeletal warrior is engulfed in freezing vapours.
The skeletal warrior hits you from afar with a +0 halberd!!
* * * LOW HITPOINT WARNING * * *
The skeletal warrior is engulfed in freezing vapours.
The skeletal warrior hits you from afar with a +0 halberd!!
You die...
Your body glows with a rainbow of weird colours and disappears.

.# .#
####.######
#...☼§§§..#
#...§§☼...>
#...zz§...#
#.........#
#..@[....#
#.......##
.......).##
..###......#
###.#### #.#
#.. ##.


You could see 2 skeletal warriors.

Vanquished Creatures
  Harold (D:9)
  2 great orbs of eyes (D:12)
  A two-headed ogre (D:12)
  A tengu warrior (D:13)
  A boulder beetle (D:12)
  4 skeletal warriors (D:12)
  Pikel (D:6)
  3 ugly things (D:12)
  A manticore (D:12)
  Maggie (D:6)
  3 gargoyles (D:12)
  2 kobold demonologists
  A freezing wraith (D:12)
  4 unseen horrors (D:12)
  3 trolls
  3 shadows
  A wyvern (D:5)
  3 vampires (D:12)
  A basilisk (D:10)
  3 yaks (D:10)
  Menkaure (D:6)
  5 vampire mosquitoes
  2 acid dragons
  Duvessa (D:6)
  3 black bears
  3 orc warriors
  An ice beast (D:6)
  A sky beast (D:8)
  An ogre (D:5)
  3 centaurs
  3 lemures (D:6)
  A phantom (D:6)
  A kobold brigand (D:9)
  Blork the orc (D:6)
  3 bullfrogs
  A gnoll sergeant (D:7)
  A brain worm (D:10)
  A scorpion (D:5)
  2 necrophages (D:4)
  7 wights
  Dowan (D:6)
  5 killer bees (D:10)
  2 bombardier beetles
  A centaur zombie (D:4)
  2 jellies
  A gnoll bouda (D:6)
  An orc priest (D:11)
  3 hounds
  A human zombie (D:4)
  2 sleepcaps (D:4)
  Jessica (D:2)
  3 iguanas (D:4)
  9 orc wizards
  A mummy (D:4)
  11 adders
  13 gnolls
  2 shadow imps (D:5)
  3 dart slugs
  21 orcs
  9 ball pythons
  A bat (D:2)
  5 endoplasms
  3 giant cockroaches
  9 goblins
  7 hobgoblins
  4 jackals
  10 kobolds
  2 quokkas
  3 rats
218 creatures vanquished.

Vanquished Creatures (collateral kills)
  Erolcha (D:12)
  A boulder beetle (D:11)
  A centaur warrior (D:13)
  A skeletal warrior (D:12)
  4 gargoyles
  An unseen horror (D:11)
  A hornet (D:11)
  A troll (D:11)
  A shadow (D:12)
  A wraith (D:12)
  5 vampire mosquitoes
  An orc warrior (D:10)
  A water moccasin zombie (D:4)
  3 wights
  A killer bee (D:10)
  A howler monkey (D:11)
  An orc priest (D:11)
  2 orc wizards (D:10)
  A mummy (D:4)
  2 gnolls (D:3)
  An adder (D:6)
  3 orcs
  A hobgoblin (D:3)
  A jackal zombie (D:4)
  3 kobolds (D:10)
40 creatures vanquished.

Grand Total: 258 creatures vanquished

Notes
Turn   | Place    | Note
-------+----------+-------------------------------------------
     0 | D:1      | foxglove the Demonspawn Hedge Wizard began the quest for
                  | the Orb.
     0 | D:1      | Reached XP level 1. HP: 13/13 MP: 4/4
    13 | D:1      | You fall into a shaft and drop 1 floor!
    73 | D:2      | Noticed Jessica
    82 | D:2      | Killed Jessica
    83 | D:2      | Gained mutation: You have a small tail. [demonic ancestry]
    83 | D:2      | Reached XP level 2. HP: 4/19 MP: 0/6
   131 | D:2      | Gained mutation: You have an unusually large brain. (Int
                  | +2) [demonic ancestry]
   131 | D:2      | Reached XP level 3. HP: 19/24 MP: 5/8
   263 | D:2      | Learned a level 2 spell: Call Imp
   617 | D:2      | Found a faded altar of an unknown god.
   750 | D:2      | Prayed at the altar of an unknown god.
   750 | D:2      | Became a worshipper of Nemelex Xobeh the Trickster
   750 | D:2      | Reached * piety under Nemelex Xobeh
   750 | D:2      | Received a gift from Nemelex Xobeh
  1022 | D:2      | Gained mutation: You have an extremely huge brain. (Int +4)
                  | [demonic ancestry]
  1022 | D:2      | Reached XP level 4. HP: 23/30 MP: 2/9
  2302 | D:3      | Reached skill level 4 in Spellcasting
  2546 | D:3      | Found an ancient bone altar of Kikubaaqudgha.
  2582 | D:3      | Received a gift from Nemelex Xobeh
  2683 | D:3      | Found Eleuhun's Antique Armour Shop.
  2786 | D:3      | Gained mutation: A weak demonic guardian rushes to your
                  | aid. [demonic ancestry]
  2786 | D:3      | Reached XP level 5. HP: 36/36 MP: 8/11
  2836 | D:3      | Learned a level 3 spell: Mephitic Cloud
  2860 | D:3      | Reached ** piety under Nemelex Xobeh
  3145 | D:3      | Reached skill level 1 in Fighting
  3929 | D:4      | Received a gift from Nemelex Xobeh
  4532 | D:4      | Gained mutation: You have an absolutely massive brain. (Int
                  | +6, Wiz) [demonic ancestry]
  4532 | D:4      | Reached XP level 6. HP: 40/44 MP: 8/12
  4743 | D:4      | Reached skill level 1 in Maces & Flails
  4896 | D:4      | Reached XP level 7. HP: 41/50 MP: 10/14
  5555 | D:4      | Found a basalt altar of Yredelemnul.
  5808 | D:4      | Reached skill level 5 in Spellcasting
  6364 | D:5      | Entered Level 5 of the Dungeon
  6364 | D:5      | Found a staircase to the Ecumenical Temple.
  6550 | D:5      | Reached XP level 8. HP: 57/57 MP: 12/15
  6607 | D:5      | Noticed a kobold demonologist
  6630 | D:5      | Killed a kobold demonologist
  6631 | D:5      | Reached skill level 6 in Spellcasting
  6838 | D:5      | Learned a level 4 spell: Flame Wave
  6976 | D:5      | Found a shimmering blue altar of Sif Muna.
  7464 | D:6      | Received a gift from Nemelex Xobeh
  7502 | D:6      | Reached skill level 1 in Armour
  7847 | D:6      | Noticed Duvessa
  7848 | D:6      | Noticed Dowan
  7861 | D:6      | Killed Dowan
  7861 | D:6      | Noticed Maggie
  7863 | D:6      | Noticed Pikel
  7869 | D:6      | Killed Duvessa
  7870 | D:6      | Gained mutation: You have a tail ending in a sharp stinger.
                  | [demonic ancestry]
  7870 | D:6      | Reached XP level 9. HP: 24/63 MP: 5/18
  7891 | D:6      | Killed Pikel
  7892 | D:6      | Killed Maggie
  8173 | D:6      | Noticed Blork the orc
  8186 | D:6      | Killed Blork the orc
  8256 | D:6      | Reached *** piety under Nemelex Xobeh
  8277 | D:6      | Reached skill level 1 in Air Magic
  8278 | D:6      | Reached skill level 1 in Fire Magic
  8319 | D:6      | Reached skill level 5 in Stealth
  9427 | D:7      | Found a shimmering altar of Xom.
  9630 | D:6      | Noticed Menkaure
  9644 | D:6      | Killed Menkaure
  9645 | D:6      | Reached skill level 1 in Axes
 10128 | D:7      | Reached skill level 7 in Spellcasting
 10191 | D:7      | Found an ornate altar of the Wu Jian Council.
 10478 | D:7      | Reached skill level 1 in Alchemy
 11241 | D:8      | Reached **** piety under Nemelex Xobeh
 11241 | D:8      | Received a gift from Nemelex Xobeh
 11243 | D:8      | Got the Exposition on the Cumulonimbus and Zombies
 11298 | D:8      | Found a bloodstained altar of Trog.
 11606 | D:8      | Gained mutation: Your demonic aura sometimes causes spilled
                  | blood to erupt in flames. [demonic ancestry]
 11606 | D:8      | Reached XP level 10. HP: 68/71 MP: 16/21
 11779 | D:8      | Upgraded the game from 0.31-a0-1616-gbeaec30b81 to
                  | 0.31-a0-1620-gcbf77bbcfc
 11784 | D:8      | Learned a level 4 spell: Airstrike
 11868 | D:8      | Received a gift from Nemelex Xobeh
 12121 | D:8      | Identified the +8 sling of Corruption {drain, rPois Will+
                  | Str+2 Int+3}
 12534 | D:9      | Noticed Harold
 12545 | D:9      | Killed Harold
 12546 | D:9      | Reached skill level 5 in Conjurations
 12577 | D:9      | Found a staircase to the Orcish Mines.
 12650 | D:9      | Learned a level 3 spell: Inner Flame
 12902 | D:9      | Reached skill level 1 in Ranged Weapons
 13227 | D:9      | Received a gift from Nemelex Xobeh
 13628 | D:10     | Entered Level 10 of the Dungeon
 14885 | D:11     | Received a gift from Nemelex Xobeh
 14891 | D:11     | Noticed a boulder beetle
 14899 | D:11     | Noticed a gargoyle
 14918 | D:11     | Reached skill level 5 in Ranged Weapons
 14923 | D:11     | Gained mutation: You punish those that try to bend your
                  | will. (Will+) [demonic ancestry]
 14923 | D:11     | Reached XP level 11. HP: 76/78 MP: 17/22
 14969 | D:11     | Reached skill level 8 in Spellcasting
 14977 | D:11     | Killed a boulder beetle
 15206 | D:11     | Reached ***** piety under Nemelex Xobeh
 15690 | D:11     | Found a staircase to the Lair.
 15722 | D:11     | Received a gift from Nemelex Xobeh
 15879 | D:12     | Noticed a boulder beetle
 15881 | D:12     | Upgraded the game from 0.31-a0-1620-gcbf77bbcfc to
                  | 0.31-a0-1626-g5cb510d322
 15895 | D:12     | Killed a boulder beetle
 16018 | D:12     | Reached skill level 5 in Fighting
 16074 | D:12     | Found a gate leading to a gauntlet.
 16151 | D:12     | Noticed a cyan ugly thing
 16160 | D:12     | Killed a cyan ugly thing
 16315 | D:12     | Received a gift from Nemelex Xobeh
 16345 | D:12     | Noticed a cyan ugly thing
 16352 | D:12     | Killed a cyan ugly thing
 16361 | D:12     | Noticed a two-headed ogre
 16364 | D:12     | Killed a two-headed ogre
 16425 | D:12     | Reached skill level 5 in Dodging
 16425 | D:12     | Reached skill level 9 in Spellcasting
 16635 | D:12     | Identified the +8 shortbow "Rinaytedo" {freeze, rElec rCorr
                  | Str+2 Dex-5}
 16693 | D:12     | Noticed a skeletal warrior
 16709 | D:12     | Killed a skeletal warrior
 16918 | D:12     | Learned a level 5 spell: Freezing Cloud
 16920 | D:12     | Learned a level 1 spell: Necrotise
 16926 | D:12     | Noticed a skeletal warrior
 16939 | D:12     | Killed a skeletal warrior
 16940 | D:12     | Reached skill level 5 in Summonings
 17065 | D:12     | Noticed Erolcha
 17074 | D:12     | Killed Erolcha
 17075 | D:12     | Reached XP level 12. HP: 77/86 MP: 25/25
 17113 | D:12     | Reached skill level 5 in Air Magic
 17953 | D:12     | Noticed a great orb of eyes
 17956 | D:12     | Noticed a great orb of eyes
 17966 | D:12     | Killed a great orb of eyes
 17968 | D:12     | Killed a great orb of eyes
 18275 | D:13     | Noticed a centaur warrior
 18282 | D:13     | Killed a centaur warrior
 18287 | D:13     | Noticed a tengu warrior
 18443 | D:13     | Killed a tengu warrior
 19886 | D:12     | Upgraded the game from 0.31-a0-1626-g5cb510d322 to
                  | 0.32-a0-7-ge934b4519a
 19901 | D:13     | Mangled by a skeletal warrior

Illustrated notes

Levels and vault maps discovered:
D:1:      orjb1_clovarrival, layout_rooms, minmay_surrounded
D:2:      layout_basic, nicolae_ecumenical_snake_handling, uniq_jessica
D:3:      layout_loops_ring, mainiacjoe_overflow_24_doors, serial_shops, shop,
          minmay_goblin_kobold_house
D:4:      layout_basic, mainiacjoe_overflow_cross_hatched,
          lemuel_mausoleum_altar_yredelemnul
D:5:      layout_rooms, nicolae_sif_muna_condensation, minmay_temple_entry_tees,
          minmay_manual_monolith
D:6:      layout_gridville, old_standard_altar, uniq_duvessa, uniq_pikel,
          uniq_menkaure, uniq_maggie, uniq_blork_the_orc
D:7:      layout_loops_corners, amcnicky_altar_gilded, lemuel_tele_altar
D:8:      layout_basic, nicolae_overflow_crystal_walls
D:9:      layout_loops_cross, orc_0_dummy, serial_aquarium,
          aquarium_bridge_square [aquarium_subvault_bridge,
          aquarium_subvault_bridge, aquarium_subvault_window,
          aquarium_subvault_bridge], aquarium_bridge_straight
          [aquarium_subvault_bridge, aquarium_subvault_wall,
          aquarium_subvault_bridge, aquarium_subvault_wall],
          aquarium_window_corridor_3, aquarium_window_fake, aquarium_view_2d,
          aquarium_pool_four, uniq_harold
D:10:     layout_roguey, minivault_11
D:11:     layout_loops_ring, lair_entry_dummy, grunt_ministairs_4
D:12:     regret_index_all_hallows'_manor, layout_basic, gauntlet_entry_generic,
          nrook_pool_corridor, uniq_erolcha
D:13:     layout_roguey, gammafunk_ghost_nasty_kobolds, serial_shops, shop

Skill      XL: |  1  2  3  4  5  6  7  8  9 10 11 12 |
---------------+-------------------------------------+-----
Stealth        | 2 3 4 5 |  5.1
Dodging        | 2 3 4 5 |  5.7
Spellcasting   | 4 5 6 7 9 |  9.9
Fighting       | 1 2 3 4 5 |  5.7
Conjurations   | 2 3 4 5 |  5.5
Maces & Flails | 1 3 4 |  4.8
Summonings     | 2 3 4 5 |  5.3
Armour         | 2 3 4 |  4.4
Air Magic      | 1 2 4 6 |  6.1
Fire Magic     | 1 2 |  2.8
Axes           | 2 3 |  3.9
Alchemy        | 1 2 |  2.0
Ranged Weapons | 5 7 8 |  8.3
Short Blades   | |  0.2
Translocations | |  0.8

Action                     |  1- 3 |  4- 6 |  7- 9 | 10-12 || total
---------------------------+-------+-------+-------+-------++-------
  Melee: Dagger            |    12 |       |       |       ||    12
         Tailslap          |     1 |    11 |    24 |       ||    36
         Mace              |       |    49 |    94 |       ||   143
         Punch             |       |     1 |     2 |       ||     3
         War axe           |       |       |    68 |     1 ||    69
   Fire: Sling             |       |       |       |   242 ||   242
   Cast: Magic Dart        |    45 |   119 |   139 |     6 ||   309
         Call Imp          |       |    13 |    21 |    22 ||    56
         Mephitic Cloud    |       |     1 |    14 |    16 ||    31
         Flame Wave        |       |       |     5 |     9 ||    14
         Airstrike         |       |       |       |    50 ||    50
         Freezing Cloud    |       |       |       |     4 ||     4
 Invoke: Draw Destruction  |       |       |     8 |    32 ||    40
         Draw Escape       |       |       |     4 |     1 ||     5
         Draw Summoning    |       |       |       |    12 ||    12
    Use: Scroll            |       |       |     5 |     9 ||    14
         Potion            |       |       |     3 |     2 ||     5
   Stab: Distracted        |       |     3 |       |       ||     3
         Confused          |       |     1 |     6 |       ||     7
         Sleeping          |       |     1 |       |       ||     1
 Armour: Robe              |    14 |    47 |    36 |       ||    97
         Leather armour    |       |       |    38 |       ||    38
         Steam dragon scal |       |       |    59 |    70 ||   129
         Troll leather arm |       |       |       |   194 ||   194
  Dodge: Dodged            |    16 |    57 |   138 |   222 ||   433
         Form:             |       |     1 |       |       ||     1
         Storm             |       |     1 |       |       ||     1

Table legend: (Time is in decaauts)
 A = Elapsed time spent in this place.
 B = Non-inter-level travel time spent in this place.
 C = Inter-level travel time spent in this place.
 D = Time resting spent in this place.
 E = Time spent auto-exploring this place.
 F = Levels seen in this place.
 G = Mean time per level.
                   A        B        C        D        E       F      G
               +--------+--------+--------+--------+--------+-----+--------+
         Total |  20022 |  20022 |      0 |   7690 |   3506 |  13 | 1540.2 |
       Dungeon |  20022 |  20022 |      0 |   7690 |   3506 |  13 | 1540.2 |
               +--------+--------+--------+--------+--------+-----+--------+

Top non-repeatable levels by time:
    D:12: 3899 daAuts
     D:4: 2480 daAuts
     D:6: 2357 daAuts
     D:2: 2143 daAuts
     D:3: 1803 daAuts
     D:8: 1365 daAuts
    D:10: 1271 daAuts
     D:5: 1235 daAuts
     D:7: 1164 daAuts
     D:9: 1139 daAuts
    D:11: 1101 daAuts
    D:13: 40 daAuts
     D:1: 20 daAuts
